 Dungeon Crawl Stone Soup version 0.20.1-1-g8b1a95d (webtiles) character file.

24 tidbits the Caller (level 2, 9/19 HPs)
             Began as a Demonspawn Summoner on Aug 18, 2017.
             Quit the game on level 2 of the Dungeon.
             The game lasted 00:03:40 (508 turns).

tidbits the Caller (Demonspawn Summoner)             Turns: 508, Time: 00:03:40

Health: 9/19       AC:  2    Str:  8    XL:     2   Next: 79%
Magic:  5/5        EV: 12    Int: 16    God:
Gold:   73         SH:  0    Dex: 13    Spells: 3/6 levels left

rFire    . . .     SeeInvis .   a - +0 club
rCold    . . .     Gourm    .   (no shield)
rNeg     . . .     Faith    .   i - +0 robe
rPois    .         Spirit   .   (helmet restricted)
rElec    .         Reflect  .   (no cloak)
rCorr    .         Harm     .   (no gloves)
MR       .....                  (no boots)
Stlth    ++........             (no amulet)
Regen    0.1/turn               (no ring)
MPRegen  0.1/turn               (no ring)

@: lethally poisoned (9 -> -2), very slightly contaminated
A: horns 1
a: no special abilities


You were on level 2 of the Dungeon.
You were not hungry.

You visited 1 branch of the dungeon, and saw 2 of its levels.

You collected 73 gold pieces.

Inventory:

Hand Weapons
 a - a +0 club (weapon)
Missiles
 g - 8 needles of confusion
 j - 25 arrows
Armour
 i - a +0 robe (worn)
Jewellery
 e - an uncursed ring of fire
   (You found it on level 1 of the Dungeon)
Scrolls
 d - a scroll of fog {unknown}
 f - a scroll of identify {unknown}
 h - a scroll of remove curse {unknown}
 l - a scroll of magic mapping {unknown}
 m - a scroll of teleportation {unknown}
 n - a scroll of enchant weapon {unknown}
Books
 b - a book of Callings

   Spells                             Type                      Level
   a - Summon Small Mammal            Summoning                    1
   b - Call Imp                       Summoning                    2
   c - Call Canine Familiar           Summoning                    3
   d - Summon Guardian Golem          Hexes/Summoning              3
   e - Summon Lightning Spire         Summoning/Air                4
   f - Summon Ice Beast               Ice/Summoning                4
Comestibles
 c - a bread ration


   Skills:
 - Level 1.7 Dodging
 - Level 1.7 Stealth
 + Level 2.5 Spellcasting
 + Level 4.5 Summonings


You had 3 spell levels left.
You knew the following spells:

 Your Spells              Type           Power        Failure   Level  Hunger
i - Call Imp              Summ           ###.....     4%          2    ##.....
z - Summon Small Mammal   Summ           ###.         3%          1    #......


Dungeon Overview and Level Annotations

Branches:
Dungeon (2/15)

Altars:
Nemelex Xobeh


Innate Abilities, Weirdness & Mutations

You have a pair of small horns on your head.


Message History

The adder hisses angrily.
The bat hits you but does no damage.
Casting: Call Imp
Confirm with . or Enter, or press ? or * to list all spells.
You miscast Summon Small Mammal.
You are very lightly contaminated with residual magic.
Distant voices call out to you! The bat hits you but does no damage.
Your iron imp closely misses the bat.
The kobold barely misses you.
Casting: Summon Small Mammal
Confirm with . or Enter, or press ? or * to list all spells.
The bat misses you. The bat hits you but does no damage.
The bat closely misses your iron imp.
Your iron imp barely misses the bat.
The kobold hits you but does no damage.
Casting: Summon Small Mammal
Confirm with . or Enter, or press ? or * to list all spells.
A beastly little devil appears in a puff of frigid air.
The bat closely misses you. The kobold hits you but does no damage.
What are your orders? t - Shout!
Orders for allies: a - Attack new target. r - Retreat! s - Stop attacking. g - Guard the area. f - Follow me.
Anything else - Cancel.
Gang up on whom?
Press: ? - help, Dir - move target cursor, f - kobold
Aim: a kobold, wielding a dagger Attack!
The bat hits your rat but does no damage.
The adder closely misses you. The kobold hits you with a dagger.
What are your orders? t - Shout!
Orders for allies: a - Attack new target. p - Attack previous target. r - Retreat! s - Stop attacking. g - Guard the area. f - Follow me.
Anything else - Cancel.
Gang up on whom?
Press: ? - help, Dir - move target cursor, f - adder, p - kobold
Aim: an adder Attack!
The adder bites you. The bat barely misses your iron imp. The adder bites you.
You are poisoned.
The adder poisons you! The kobold hits you with a dagger.
* * * LOW HITPOINT WARNING * * *
Unknown command.
It was a potion of ambrosia.
You are confused.
You feel invigorated.
You feel sick. The bat barely misses you.
Your iron imp closely misses the adder.
The adder barely misses you.
Your rat barely misses the kobold.
Your white imp closely misses the adder.
The kobold closely misses you.
Are you sure you want to stumble around while confused and next to your rat?
Okay, then.
You feel sick. The bat barely misses you. The adder closely misses you.
Your iron imp hits the adder!
Your rat closely misses the kobold.
Your white imp closely misses the adder.
The kobold hits you with a dagger.
* * * LOW HITPOINT WARNING * * *
The bat closely misses you. The adder misses you.
Your rat barely misses the kobold.
Your iron imp closely misses the adder.
The kobold barely misses you.
Your white imp closely misses the adder.
The adder bites you.
You are more poisoned.
The adder poisons you!
You feel sick. The bat hits you but does no damage. The bat barely misses you.
The adder bites you but does no damage.
Your rat barely misses the kobold.
Your white imp closely misses the adder.
The kobold hits you with a dagger. The bat hits you but does no damage.
The bat completely misses your rat.
Your iron imp misses the adder.
The adder barely misses you.
Your rat closely misses the kobold.
The kobold hits you but does no damage.
Your white imp misses the adder.
You feel less invigorated.
You feel less confused.
You feel sick. The adder bites you.
Your iron imp closely misses the adder.
Your rat closely misses the kobold.
Your white imp closely misses the adder.
The kobold closely misses you.
You barely miss the adder.
The adder is severely wounded.
You feel sick. The bat barely misses you. The adder bites you.
You are more poisoned.
The adder poisons you! The adder bites you.
Your iron imp barely misses the adder.
Your rat bites the kobold.
The kobold hits your rat but does no damage.
Your white imp hits the adder.
Your white imp freezes the adder.
The adder dies!
You hit the kobold.
You kill the kobold!
You feel sick. The bat barely misses you.
* * * LOW HITPOINT WARNING * * *
You feel sick. The bat hits your iron imp.
Your rat bites the bat.
Your white imp barely misses the bat.
The bat barely misses your iron imp.
Your iron imp barely misses the bat.
You see here an adder corpse.
You aren't carrying any potions.
Unknown command.
Are you sure you want to abandon this character and quit the game? (Confirm with "yes".)

##.#.. ....##
###########....
#.........#..####
#.........#.....##
#............(...##
#..............r..#
#.............b)).###
#.............55@...#
#................$#.....
#....................###
#.................##..
#####...)...>...$.# ##
#...............#
#.†.............#
#...............#
#.<...........


You could see a bat, a friendly iron imp, a friendly white imp and a friendly
rat.

Vanquished Creatures
  3 goblins
  A hobgoblin (D:2)
  A kobold (D:2)
  2 frilled lizards (D:1)
  A rat (D:1)
8 creatures vanquished.

Vanquished Creatures (collateral kills)
  An adder (D:2)
  2 worms (D:2)
  A giant cockroach (D:2)
  3 hobgoblins
  3 jackals (D:1)
  A quokka (D:2)
  A frilled lizard (D:1)
12 creatures vanquished.

Grand Total: 20 creatures vanquished

Notes
Turn   | Place    | Note
-------+----------+-------------------------------------------
     0 | D:1      | tidbits the Demonspawn Summoner began the quest for the Orb.
     0 | D:1      | Reached XP level 1. HP: 13/13 MP: 3/3
   336 | D:1      | Gained mutation: You have a pair of small horns on your head. [demonic ancestry]
   336 | D:1      | Reached XP level 2. HP: 16/19 MP: 3/5
   340 | D:1      | Learned a level 2 spell: Call Imp
   414 | D:1      | Found a sparkling altar of Nemelex Xobeh.
   508 | D:2      | Quit the game

Action                   || total
-------------------------++-------
Melee: Unarmed           ||    11
       Club              ||    25
       Headbutt          ||     2
 Cast: Summon Small Mamm ||    10
       Call Imp          ||     2
  Use: Potion            ||     1
 Stab: Sleeping          ||     1
Armor: Robe              ||     8
Dodge: Dodged            ||    35

Table legend:
 A = Turns spent in this place as a percentage of turns spent in the entire game.
 B = Non-inter-level travel turns spent in this place as a percentage of non-inter-level travel turns spent in the entire game.
 C = Inter-level travel turns spent in this place as a percentage of turns spent in this place.
 D = Turns resting spent in this place as a percentage of non-inter-level travel turns spent in this place.
 E = Turns spent auto-exploring this place as a percentage of non-inter-level travel turns spent in this place.
 F = Non-inter-level travel turns spent in this place divided by the number of levels of this place that you've seen.
                   A       B       C       D       E      F
               +-------+-------+-------+-------+-------+----------------------
         Total | 100.0 | 100.0 |   0.0 |   0.0 |   0.0 | 257.0
       Dungeon | 100.0 | 100.0 |   0.0 |   0.0 |   0.0 | 257.0
               +-------+-------+-------+-------+-------+----------------------

Table legend:
 A = Kills in this place as a percentage of kills in entire the game.
 B = Kills by you in this place as a percentage of kills by you in the entire game.
 C = Kills by friends in this place as a percentage of kills by friends in the entire game.
 D = Other kills in this place as a percentage of other kills in the entire game.
 E = Experience gained in this place as a percentage of experience gained in the entire game.
 F = Experience gained in this place divided by the number of levels of this place that you have seen.
                   A       B       C       D       E      F
               +-------+-------+-------+-------+-------+----------------------
         Total | 100.0 | 100.0 | 100.0 |  -nan | 100.0 |  17.5
       Dungeon | 100.0 | 100.0 | 100.0 |  -nan | 100.0 |  17.5
               +-------+-------+-------+-------+-------+----------------------

Vault maps used:
D:1:      nicolae_arrival_somewhat_less_tricky_arrival,
          nemelex_xobeh_ov_fountains_minmay
